 Dungeon Crawl Stone Soup version 0.23-a0-38-g6d804a8 (webtiles) character file.

86 Amnesiac the Digger (level 4, -1/30 HPs)
             Began as a Mummy Earth Elementalist on Aug 5, 2018.
             Slain by an adder (2 damage)
             ... on level 2 of the Dungeon.
             The game lasted 00:02:30 (952 turns).

Amnesiac the Digger (Mummy Earth Elementalist)       Turns: 952, Time: 00:02:31

Health: -1/30      AC:  3    Str: 11    XL:     4   Next: 26%
Magic:  2/9        EV: 12    Int: 15    God:
Gold:   24         SH:  0    Dex: 12    Spells: 4/10 levels left

rFire    x . .     SeeInvis .   a - +0 spear
rCold    + . .     Gourm    .   (no shield)
rNeg     + + +     Faith    .   c - +0 robe
rPois    ∞         Spirit   .   (no helmet)
rElec    .         Reflect  .   e - +0 cloak
rCorr    .         Harm     .   (no gloves)
MR       .....                  (no boots)
Stlth    ++........             (no amulet)
HPRegen  0.10/turn              (no ring)
MPRegen  0.11/turn              (no ring)

@: no status effects
A: no food or potions, fire vulnerability, cold resistance 1, negative energy
resistance 3, torment resistance, unbreathing
a: no special abilities


You were on level 2 of the Dungeon.
You were not hungry.

You visited 1 branch of the dungeon, and saw 5 of its levels.

You collected 24 gold pieces.

Inventory:

Hand Weapons
 a - a +0 spear (weapon)
 f - a +2 short sword of venom
Armour
 c - a +0 robe (worn)
 e - a +0 cloak (worn)
Scrolls
 d - a scroll of immolation {!r, unknown}


   Skills:
 - Level 1.5 Dodging
 - Level 1.5 Stealth
 + Level 3.8 Spellcasting
 - Level 0.7 Transmutations
 * Level 3.8 Earth Magic


You had 4 spell levels left.
You knew the following spells:

 Your Spells              Type           Power        Failure   Level  Hunger
a - Stone Arrow           Conj/Erth      #.....       26%         3    N/A
b - Passwall              Tmut/Erth      #.......     11%         2    N/A
c - Sandblast             Erth           ##....       3%          1    N/A

Your spell library contained the following spells:

 Spells                   Type           Power        Failure   Level  Hunger
 Lee's Rapid Deconstruct  Erth           ##........   71%         5    N/A
 Petrify                  Tmut/Erth      #.......     58%         4    N/A

Dungeon Overview and Level Annotations

Branches:
Dungeon (5/15)
 Temple: D:4-7

Altars:

Annotations:
D:2 Terence


Innate Abilities, Weirdness & Mutations

You do not eat or drink.
Your flesh is vulnerable to fire.
You are immune to poison.
Your flesh is cold resistant. (rC+)
You are immune to negative energy. (rN+++)
You are immune to unholy pain and torment.
You can survive without breathing.


Message History

Found 2 scrolls labeled GUCREA COUT.
A kobold comes into view.
The adder barely misses you.
You see here 2 scrolls labeled GUCREA COUT {!r}.
The rat bites you but does no damage. The adder bites you.
* * * LOW HITPOINT WARNING * * *
The rat bites you.
* * * LOW HITPOINT WARNING * * *
Found a scroll labeled SIRUUTW UFIODI.
The kobold shouts!
You hear an angry hiss.
The adder closely misses you.
There is a stone staircase leading up here.
The adder bites you.
* * * LOW HITPOINT WARNING * * *
You climb upwards.
Level annotation: Terence
Found a mace.
There is a stone staircase leading down here.
Casting: Sandblast (safe; 3% risk of failure)
Confirm with . or Enter, or press ? or * to list all spells.
Aiming: Sandblast (safe; 3% risk of failure)
Press: ? - help, Shift-Dir - straight line, f - adder
Aim: an adder The blast of sand hits the adder.
The adder is heavily wounded.
You now have no stones remaining.
The adder closely misses you.
Casting: Sandblast (safe; 3% risk of failure)
Confirm with . or Enter, or press ? or * to list all spells.
Aiming: Sandblast (safe; 3% risk of failure)
Press: ? - help, Shift-Dir - straight line, f/p - adder
Aim: an adder (heavily wounded)
You don't have any stones to cast with.
Casting: Sandblast (safe; 3% risk of failure)
Confirm with . or Enter, or press ? or * to list all spells.
Aiming: Sandblast (safe; 3% risk of failure)
Press: ? - help, Shift-Dir - straight line, f/p - adder
Aim: an adder (heavily wounded)
You don't have any stones to cast with.
Casting: Sandblast (safe; 3% risk of failure)
Confirm with . or Enter, or press ? or * to list all spells.
Aiming: Sandblast (safe; 3% risk of failure)
Press: ? - help, Shift-Dir - straight line, f/p - adder
Aim: an adder (heavily wounded)
You don't have any stones to cast with.
Unknown command.
Adjust (i)tems, (s)pells, or (a)bilities?
Adjust which spell? c - Stone Arrow Adjust to which letter? a - Stone Arrow; c - Sandblast Evoke which item? (* to show all) (? for menu, Esc to quit)
Okay, then.
You miss the adder.
The adder is heavily wounded.
The adder bites you.
* * * LOW HITPOINT WARNING * * *
The adder bites you but does no damage.
You barely miss the adder.
The adder is heavily wounded.
The adder bites you but does no damage.
You miss the adder.
The adder is heavily wounded.
The adder bites you.
You die...

### #..
#.# # ###
#.###.###
##..
#.S..)...
....
#@.......
...
#####....
#.. # #..
#.. #..
#.. #..
#.. #..


You could see an adder.

Vanquished Creatures
  A bullfrog skeleton (D:4)
  3 gnolls (D:4)
  2 leopard geckos
  4 orcs (D:4)
  A giant cockroach (D:2)
  3 goblins (D:1)
  A hobgoblin (D:1)
  3 bats (D:1)
  2 frilled lizards
  4 kobolds
24 creatures vanquished.

Vanquished Creatures (others)
  4 toadstools (D:2)
4 creatures vanquished.

Grand Total: 28 creatures vanquished

Notes
Turn   | Place    | Note
-------+----------+-------------------------------------------
     0 | D:1      | Amnesiac the Mummy Earth Elementalist began the quest for the Orb.
     0 | D:1      | Reached XP level 1. HP: 13/13 MP: 4/4
   160 | D:1      | Reached XP level 2. HP: 6/19 MP: 0/5
   332 | D:1      | Learned a level 2 spell: Passwall
   366 | D:2      | Noticed Terence
   638 | D:5      | Entered Level 5 of the Dungeon
   706 | D:4      | Reached XP level 3. HP: 19/24 MP: 2/7
   711 | D:4      | Learned a level 3 spell: Stone Arrow
   918 | D:4      | Reached XP level 4. HP: 16/30 MP: 0/9
   950 | D:2      | HP: 1/30 [adder (3)]
   952 | D:2      | Slain by an adder

Vault maps used:
D:1:      roderic_chinese_lattice_arrival
D:2:      cheibrodos_fertilizer, led_sif_pool, first_ration, uniq_sigmund,
          uniq_robin, uniq_terence
D:3:      tso_metal_star, cheibrodos_sewer_entry_sluice,
          chequers_ecumenical_altar_simple_redux, grunt_ministairs_2,
          uniq_natasha
D:4:      kennysheep_cross_bottleneck
D:5:      kennysheep_spiral_hall, lemuel_crystal_altar,
          minmay_temple_entry_hall, uniq_menkaure, uniq_ijyb, uniq_grinder

Skill      XL: |  1  2 |
---------------+-------+-----
Earth Magic    | 3 |  3.8
Spellcasting   | 3 |  3.8
Dodging        | |  1.5
Stealth        | |  1.5
Transmutations | |  0.7

Action                   |  1- 3 |  4- 6 || total
-------------------------+-------+-------++-------
Melee: Unarmed           |     7 |       ||     7
       Spear             |    43 |     3 ||    46
 Cast: Sandblast         |    31 |     2 ||    33
Armor: Robe              |    16 |     3 ||    19
Dodge: Dodged            |    35 |     7 ||    42

Table legend:
 A = Spawn XP
 B = Non-spawn XP
 C = Spawn XP percentage of total XP
 D = Spawn monster count
 E = Non-spawn monster count
 F = Spawn count percentage of total count
 G = Total turns spent on level
                    A         B        C        D         E        F      G
               +---------+---------+-------+---------+---------+-------+---------
         Total |       0 |     123 |   0.0 |       0 |      24 |   0.0 |   952
               +---------+---------+-------+---------+---------+-------+---------
           D:1 |       0 |      17 |   0.0 |       0 |      10 |   0.0 |   375
           D:2 |       0 |       6 |   0.0 |       0 |       4 |   0.0 |   230
           D:4 |       0 |     100 |   0.0 |       0 |      10 |   0.0 |   325
               +---------+---------+-------+---------+---------+-------+---------
